 Dungeon Crawl Stone Soup version 0.21.1-1-g345015f (webtiles) character file.

903 lotte the Magician (level 7, -2/36 HPs)
             Began as a Deep Elf Earth Elementalist on July 6, 2018.
             Shot with an arrow by a centaur (10 damage)
             ... on level 5 of the Dungeon.
             The game lasted 00:33:28 (6647 turns).

lotte the Magician (Deep Elf Earth Elementalist)    Turns: 6647, Time: 00:33:29

Health: -2/36      AC:  3    Str:  5    XL:     7   Next: 80%
Magic:  13/20      EV: 14    Int: 26    God:
Gold:   152        SH:  6    Dex: 15    Spells: 6/21 levels left

rFire    . . .     SeeInvis .   x - +3 flail
rCold    . . .     Gourm    .   (no shield)
rNeg     + . .     Faith    .   c - +0 robe
rPois    +         Spirit   .   (no helmet)
rElec    .         Reflect  +   (no cloak)
rCorr    .         Harm     .   C - +0 pair of gloves
MR       .....                  (no boots)
Stlth    ++........             w - amulet of Ahuz {Reflect +Inv Int+4 SH+6}
HPRegen  0.12/turn              A - ring of positive energy
MPRegen  0.17/turn              l - ring of poison resistance

@: very slightly contaminated
A: no striking features
a: Evoke Invisibility


You were on level 5 of the Dungeon.
You were very hungry.

You visited 1 branch of the dungeon, and saw 5 of its levels.

You collected 392 gold pieces.
You spent 240 gold pieces at shops.

Inventory:

Hand Weapons
 i - a +0 hand axe
 x - a +3 flail (weapon)
Missiles
 b - 87 stones (quivered)
Armour
 c - a +0 robe (worn)
 C - a +0 pair of gloves (worn)
Jewellery
 f - a +3 ring of strength
 l - a ring of poison resistance (right hand)
 u - an uncursed ring of teleportation
 w - the amulet of Ahuz (around neck) {Reflect +Inv Int+4 SH+6}
   (You found it on level 3 of the Dungeon)

   [amulet of reflection]

   It shields you and reflects attacks.
   It affects your intelligence (+4).
   It lets you turn invisible.
   It affects your SH (+6).
 A - a ring of positive energy (left hand)
 D - a cursed amulet of inaccuracy
 E - an uncursed amulet of the gourmand
 F - an uncursed ring of flight
 H - an uncursed ring of protection from fire
 I - an uncursed ring of protection from cold
Scrolls
 a - 2 scrolls of remove curse
 h - 2 scrolls of identify
 m - a scroll of fog {unknown}
 n - a scroll of amnesia {unknown}
 r - 3 scrolls of teleportation {unknown}
 v - a scroll of immolation {unknown}
 y - 4 scrolls of enchant armour {unknown}
 J - a scroll of blinking {unknown}
Potions
 g - 2 potions of curing
 j - a potion of resistance {unknown}
 k - 3 potions of might {unknown}
 o - 3 potions of mutation {unknown}
 p - a potion of haste {unknown}
 q - 3 potions of lignification {unknown}
 s - 2 potions of agility {unknown}
 t - a potion of ambrosia {unknown}
 z - a potion of degeneration {unknown}
 G - a potion of cancellation {unknown}
Books
 e - a book of Geomancy

   Spells                             Type                      Level
   a - Sandblast                      Earth                        1
   b - Passwall                       Transmutation/Earth          2
   c - Stone Arrow                    Conjuration/Earth            3
   d - Petrify                        Transmutation/Earth          4
   e - Lee's Rapid Deconstruction     Earth                        5
 B - a book of Minor Magic

   Spells                             Type                      Level
   a - Magic Dart                     Conjuration                  1
   b - Blink                          Translocation                2
   c - Call Imp                       Summoning                    2
   d - Slow                           Hexes                        2
   e - Conjure Flame                  Conjuration/Fire             3
   f - Mephitic Cloud                 Conjuration/Poison/Air       3
Comestibles
 d - 8 rations


   Skills:
 + Level 3.7 Dodging
 - Level 2.4 Stealth
 * Level 7.9 Spellcasting
 + Level 3.2 Conjurations
 - Level 1.1 Transmutations
 * Level 7.0 Earth Magic


You had 6 spell levels left.
You knew the following spells:

 Your Spells              Type           Power        Failure   Level  Hunger
a - Sandblast             Erth           #####.       1%          1    None
b - Passwall              Tmut/Erth      ####......   1%          2    None
c - Stone Arrow           Conj/Erth      #####.       1%          3    None
d - Petrify               Tmut/Erth      ####....     11%         4    ##.....
e - Lee's Rapid Deconstr  Erth           #####.....   9%          5    ####...


Dungeon Overview and Level Annotations

Branches:
Dungeon (5/15)
 Temple: D:4-7

Altars:
Ashenzari
Cheibriados
Hepliaklqana
Kikubaaqudgha
Makhleb
Nemelex Xobeh
Ru

Shops:
D:5 **[*


Message History

You see here 2 arrows.
The centaur shoots an arrow.
The arrow hits you!
You see here an arrow.
The centaur shoots an arrow.
You reflect the arrow off an invisible shield around you!
The arrow hits the centaur.
The centaur shoots an arrow.
The arrow hits you.
You see here an arrow.
Casting: Petrify
Confirm with . or Enter, or press ? or * to list all spells.
Which direction?
The centaur shoots an arrow.
You reflect the arrow off an invisible shield around you!
The arrow hits the centaur!
The centaur shoots an arrow.
The arrow hits you!
You begin to meditate on the wall.
You continue meditating on the rock.
The centaur shoots an arrow.
The arrow hits you.
* * * LOW HITPOINT WARNING * * *
You continue meditating on the rock.
The centaur shoots an arrow.
The arrow hits you!
You die...

...#.(....(.....#
#.♣(#######..#.# ... ♣.∩.♣
#.c#.# .. ##♣.# #..#.# ..##
#.# #..#.# ...########.###
#..#.# #.........(...#
#(##.# #.####.###.#.#####c#
c# #.# #)# #.#@......#
#####.####.###.#.#####.# #
..........#......#####.##.#
#####.###.####............#
#.# #(############.#### #.#
#..............# #.#
################ #.#
#####.#


You could see a centaur.

Vanquished Creatures
  An ice beast (D:5)
  A phantom (D:4)
  A necrophage (D:5)
  A centaur (D:5)
  A howler monkey (D:4)
  A crimson imp (D:5)
  3 orc priests
  A hound (D:5)
  An orc wizard (D:3)
  2 bullfrog skeletons (D:4)
  Terence (D:2)
  A hound skeleton (D:4)
  Robin (D:2)
  3 gnolls (D:2)
  5 adders
  An ooze (D:4)
  3 worms
  A dart slug (D:1)
  4 leopard geckos
  11 orcs
  7 giant cockroaches
  21 goblins
  12 hobgoblins
  11 jackals
  6 kobolds
  3 quokkas
  11 bats
  9 frilled lizards
  A jackal skeleton (D:4)
  16 rats
141 creatures vanquished.

Notes
Turn   | Place    | Note
-------+----------+-------------------------------------------
     0 | D:1      | lotte the Deep Elf Earth Elementalist began the quest for the Orb.
     0 | D:1      | Reached XP level 1. HP: 10/10 MP: 6/6
   376 | D:1      | Reached XP level 2. HP: 15/15 MP: 6/8
   903 | D:1      | Reached XP level 3. HP: 19/19 MP: 7/10
  1521 | D:2      | Noticed Robin
  1953 | D:2      | Killed Robin
  2078 | D:2      | Reached XP level 4. HP: 24/24 MP: 10/12
  2110 | D:2      | Learned a level 2 spell: Passwall
  2114 | D:2      | Learned a level 3 spell: Stone Arrow
  2119 | D:2      | Learned a level 4 spell: Petrify
  2142 | D:2      | Noticed Terence
  2163 | D:2      | Killed Terence
  2163 | D:2      | Reached skill level 5 in Spellcasting
  2833 | D:2      | Reached skill level 5 in Earth Magic
  2833 | D:2      | Reached XP level 5. HP: 28/28 MP: 12/14
  3369 | D:3      | Learned a level 5 spell: Lee's Rapid Deconstruction
  3388 | D:3      | Got a wavering brass amulet
  3389 | D:3      | Identified the amulet of Ahuz {Reflect +Inv Int+4 SH+6} (You found it on level 3 of the Dungeon)
  3397 | D:3      | Reached skill level 1 in Conjurations
  3614 | D:3      | Found a shattered altar of Ashenzari.
  3931 | D:3      | Reached XP level 6. HP: 32/32 MP: 15/17
  4798 | D:4      | Found an ancient bone altar of Kikubaaqudgha.
  5200 | D:4      | Reached XP level 7. HP: 36/36 MP: 7/19
  5551 | D:5      | Entered Level 5 of the Dungeon
  5758 | D:5      | Found a sacrificial altar of Ru.
  5797 | D:5      | Found a sparkling altar of Nemelex Xobeh.
  5819 | D:5      | Found a snail-covered altar of Cheibriados.
  5988 | D:5      | Found a burning altar of Makhleb.
  6030 | D:5      | Found Reih's General Store.
  6077 | D:5      | Found Hifudomnue's Assorted Antiques.
  6163 | D:5      | Bought a granite ring for 120 gold pieces
  6163 | D:5      | Bought a pearl ring for 120 gold pieces
  6202 | D:5      | Found Odut's Antique Armour Emporium.
  6349 | D:5      | Found Kaclogi's Assorted Antiques.
  6524 | D:5      | Found a hazy altar of Hepliaklqana.
  6647 | D:5      | Shot with an arrow by a centaur

Skill      XL: |  1  2  3  4  5  6  7 |
---------------+----------------------+-----
Spellcasting   | 4 5 6 7 |  7.9
Earth Magic    | 4 5 6 7 |  7.0
Conjurations   | 1 2 3 |  3.2
Dodging        | 3 |  3.7
Stealth        | |  2.4
Transmutations | |  1.1

Action                   |  1- 3 |  4- 6 |  7- 9 || total
-------------------------+-------+-------+-------++-------
Melee: Hand axe          |    10 |       |       ||    10
       Flail             |       |     1 |       ||     1
 Cast: Sandblast         |    56 |    75 |    22 ||   153
       Stone Arrow       |       |    36 |     6 ||    42
       Passwall          |       |     1 |     1 ||     2
       Petrify           |       |       |     4 ||     4
  Use: Scroll            |       |     6 |     2 ||     8
       Potion            |       |       |     1 ||     1
 Stab: Sleeping          |     1 |       |       ||     1
  Eat: Ration            |     1 |       |     1 ||     2
       Chunk             |       |    10 |       ||    10
Armor: Robe              |    10 |     1 |     1 ||    12
Dodge: Dodged            |    21 |    14 |     6 ||    41
Block: Other             |       |     4 |     5 ||     9
       Reflection        |       |     1 |     5 ||     6
